 Dungeon Crawl Stone Soup version 0.18.1-50-g88ac8fd (webtiles) character file.

383421 theElss the Slayer (level 22, -4/142 HPs)
             Began as a Gargoyle Berserker on Oct 15, 2016.
             Was a High Priest of Trog.
             Slain by a reaper
             ... wielding a +1 scythe of protection
             ... summoned by a deep elf demonologist
              (26 damage)
             ... on level 3 of the Elven Halls.
             The game lasted 03:21:29 (56936 turns).

theElss the Slayer (Gargoyle Berserker)            Turns: 56936, Time: 03:21:29

Health: -4/142     AC: 50    Str: 33    XL:     22   Next: 94%
Magic:  10/29      EV: 14    Int: 15    God:    Trog [*****.]
Gold:   3803       SH: 14    Dex:  9    Spells: 0 memorised, 21 levels left

rFire  . . .     SeeInvis +     a - +7 flail of Atheism {venom, rF- Int+4 SInv}
rCold  + . .     Gourm    +     y - +7 chain mail of Salvation {rC+ Int+2}
rNeg   + . .     Faith    .     M - +0 shield {reflect}
rPois  ∞         Spirit   .     F - +1 helmet
rElec  +         Dismiss  .     B - +2 cloak
rCorr  .         Reflect  +     X - +2 pair of gloves {Str+3}
SustAt .         Harm     .     T - +0 pair of boots
MR     ++++.                    h - amulet of the gourmand
Stlth  ..........               U - ring of protection from magic
                                S - ring of protection from fire

@: exhausted, flying, regenerating, slowed, drained, very slow, incredibly
resistant to hostile enchantments, extremely unstealthy
A: big wings, frail 1, negative energy resistance 1, electricity resistance,
unbreathing, petrification resistance, rot immunity, subdued magic 1, AC +16
a: Stop Flying, Berserk, Trog's Hand, Brothers in Arms, Burn Spellbooks,
Renounce Religion
}: 2/15 runes: decaying, gossamer


You were on level 3 of the Elven Halls.
You worshipped Trog.
Trog was extremely pleased with you.
You were very full.

You visited 7 branches of the dungeon, and saw 40 of its levels.
You visited the Abyss 2 times.
You also visited: Volcano.

You collected 4374 gold pieces.
You spent 571 gold pieces at shops.

Inventory:

Hand Weapons
 a - the +7 flail of Atheism (weapon) {venom, rF- Int+4 SInv}
   (Trog gifted it to you on level 1 of the Orcish Mines)

   It poisons the flesh of those it strikes.
   It affects your intelligence (+4).
   It makes you vulnerable to fire.
   It lets you see invisible.
 b - the +7 morningstar "Wetacav" {antimagic, rPois rN+ Int+2}
   (Trog gifted it to you on level 2 of the Vaults)

   It disrupts the flow of magical energy around spellcasters and certain
   magical creatures (including the wielder).
   It affects your intelligence (+2).
   It protects you from poison.
   It protects you from negative energy.
 r - the +5 morningstar of Overwhelming Force {freeze, rC+}
   (You found it on level 4 of the Vaults)

   It has been specially enchanted to freeze those struck by it, causing extra
   injury to most foes and up to half again as much damage against particularly
   susceptible opponents.
   It can also slow down cold-blooded creatures.
   It protects you from cold.
Armour
 y - the +7 chain mail of Salvation (worn) {rC+ Int+2}
   (You bought it in a shop on level 3 of the Vaults)

   It affects your intelligence (+2).
   It protects you from cold.
 B - a +2 cloak (worn)
 F - a +1 helmet (worn)
 M - a +0 shield of reflection (worn)
 T - a +0 pair of boots (worn)
 X - a +2 pair of gloves of strength (worn)
Jewellery
 h - an amulet of the gourmand (around neck)
 s - a +2 ring of protection
 D - an uncursed ring of protection from cold
 S - a ring of protection from fire (left hand)
 U - a ring of protection from magic (right hand)
Wands
 f - a wand of slowing (13/48)
 i - a wand of digging (17/24)
 k - a wand of teleportation (3/9)
 x - a wand of acid (2/15)
 E - a wand of disintegration (8/24)
 I - a wand of confusion (19/48)
 L - a wand of flame (15/48)
 O - a wand of confusion (14/48)
 P - a wand of digging (16/24)
 Z - a wand of lightning (6/15)
Scrolls
 c - 8 scrolls of blinking
 m - 21 scrolls of remove curse
 u - 2 scrolls of summoning
 w - 9 scrolls of fog
 z - 8 scrolls of teleportation
 A - 2 scrolls of holy word
 H - 6 scrolls of identify
 K - 9 scrolls of fear
 R - 5 scrolls of magic mapping
Potions
 e - 16 potions of curing
 q - 4 potions of resistance
 v - 5 potions of haste
 C - a potion of cancellation
 G - 2 potions of invisibility
 J - 4 potions of heal wounds
 Y - a potion of berserk rage
Books
 t - a book of Conjurations

   Spells                             Type                      Level
   a - Magic Dart                     Conjuration                  1
   b - Searing Ray                    Conjuration                  2
   c - Dazzling Spray                 Conjuration/Hexes            3
   d - Fulminant Prism                Conjuration/Hexes            4
   e - Iskenderun's Mystic Blast      Conjuration                  4
   f - Iskenderun's Battlesphere      Conjuration/Charms           5
   Trog disapproves of the use of such an item.
 N - Roxanne's Disquisition on the Rocks
   (You took it off Roxanne on level 2 of the Elven Halls)

   Spells                             Type                      Level
   a - Sandblast                      Earth                        1
   b - Stone Arrow                    Conjuration/Earth            3
   c - Leda's Liquefaction            Hexes/Earth                  4
   d - Lee's Rapid Deconstruction     Earth                        5
   e - Statue Form                    Transmutation/Earth          6
   Trog disapproves of the use of such an item.
 Q - a Necronomicon

   Spells                             Type                      Level
   a - Haunt                          Necromancy/Summoning         7
   b - Borgnjor's Revivification      Necromancy                   8
   c - Death's Door                   Charms/Necromancy            8
   d - Necromutation                  Transmutation/Necromancy     8
   Trog disapproves of the use of such an item.
Miscellaneous
 l - a phantom mirror
 V - a lamp of fire
 W - a fan of gales
Comestibles
 d - 13 bread rations
 g - 5 fruits
 j - 2 royal jellies
 n - 5 beef jerkies
 o - 4 chunks of flesh
 p - 17 meat rations


   Skills:
 + Level 22.7(22.0) Fighting
 - Level 16.3(15.7) Maces & Flails
 + Level 17.7(17.1) Armour
 + Level 14.9(14.4) Dodging
 - Level 1.0(0.6) Stealth
 - Level 15.0(14.4) Shields
 - Level 10.0(9.5) Evocations


You had 21 spell levels left.
You didn't know any spells.

Dungeon Overview and Level Annotations

Branches:
Dungeon (15/15)            Temple (0/1) D:7            Lair (8/8) D:10
  Swamp (4/4) Lair:6       Spider (4/4) Lair:3          Orc (2/2) D:9
    Elf (3/3) Orc:2        Vaults (4/5) D:13          Crypt (0/3) Vaults:2
 Depths (0/5) D:15
  Slime: Lair:6-8

Altars:
Cheibriados
Dithmenos
Elyvilon
Fedhas
Kikubaaqudgha
Okawaru
Pakellas
Qazlal
Ru
Sif Muna
Trog
Vehumet
Xom
Yredelemnul
Zin
The Shining One
Beogh

Shops:
D:8 [   Orc:2 =?(![   Elf:1 =   Vaults:3 :*(:[   Vaults:4 =

Annotations:
Lair:4 Sonja
Lair:6 exclusion: oklob plant


Innate Abilities, Weirdness & Mutations

You are resistant to torment.
Your stone body is resilient (AC +16).
You are immune to poison.
Your large and strong wings let you fly indefinitely.
You resist negative energy.
You are resistant to electric shocks.
You can survive without breathing.
You are immune to petrification.
You are immune to rotting.
You are frail (-10% HP).
Your spells are a little easier to cast, but a little less powerful.


Message History

You sock the crawling corpse!
You destroy the crawling corpse!
The reaper hits you but does no damage. The neqoxec completely misses you.
You block the orange demon's attack.
You completely miss the neqoxec.
The neqoxec is severely wounded.
The neqoxec gestures.
The reaper hits you but does no damage. You block the orange demon's attack.
Unknown command.
You closely miss the neqoxec.
The neqoxec is severely wounded.
The neqoxec disappears in a puff of smoke!
The iron imp disappears in a puff of smoke!
The quasit disappears in a puff of smoke! x2
The iron imp disappears in a puff of smoke!
The deep elf archer shoots an arrow.
The arrow misses you. The orange demon stings you from afar.
* * * LOW HITPOINT WARNING * * *
The reaper hits you from afar with a scythe of protection!!
You die...

#.......'......
#..######...... #..#
##..... ###### #.(#
##.... ########....#
#.(# ##...
....e....))§## ##''##
##..
###.#####...4###....##
### #..x2§)§.....## #
###.e#@§.....(## #
#####...e....########
##..).....+......
##.......######.
##......# #. #(.....#
#. ##.....# #. #.....#
#. ####### #.


You could see a reaper, an orange demon, a deep elf archer and a crawling
corpse.

Vanquished Creatures
  Mara (Spider:3)
  Norris (Spider:3)
  Arachne (Spider:4)
  Rupert (Lair:7)
  A lich (Abyss:2)
  2 deep elf blademasters
  A titan (Vaults:4)
  Asterion (Elf:2)
  Kirke (Spider:4)
  Gastronok (D:10)
  A storm dragon (Vaults:4)
  A daeva (Abyss:2)
  Roxanne (Elf:2)
  Wiglaf (Elf:3)
  4 ghost moths
  A fire giant (Vaults:3)
  7 deep elf sorcerers
  Donald (Spider:1)
  A frost giant (Vaults:1)
  Aizul (Spider:2)
  An orc warlord (Orc:1)
  7 vault wardens
  5 emperor scorpions
  4 stone giants
  2 deep elf elementalists (Elf:3)
  14 ironheart preservers
  5 very ugly things
  The ghost of Vatticson the Bludgeoner, a journeyman MiBe of Trog (Swamp:2)
  2 deep elf demonologists
  9 deep elf annihilators
  5 spark wasps (Spider:4)
  The ghost of Thomus the Severer, a journeyman HOFi of Okawaru (Orc:1)
  2 ettins (Vaults:4)
  5 deep elf death magi
  An eidolon (Abyss:2)
  A fire dragon (Lair:8)
  5 vault guards
  9 yaktaur captains
  A deep elf high priest (Elf:3)
  An entropy weaver (Spider:3)
  3 ice dragons (Vaults:1)
  2 great orbs of eyes
  A ghost crab (Swamp:4)
  Harold (D:10)
  A rakshasa (Vaults:2)
  14 ogre magi
  4 death knights
  7 death yaks (Lair:8)
  23 hydras
  32 dancing weapons
  A queen ant (Spider:2)
  2 alligators (Swamp:1)
  12 centaur warriors
  2 deep troll shamans (Vaults:3)
  3 thrashing horrors (Abyss:2)
  4 orc high priests
  15 deep elf knights
  5 wretched stars
  A fire crab (Vaults:1)
  A spatial maelstrom (Abyss:3)
  A shadow wraith (Vaults:3)
  3 skeletal warriors (D:13)
  3 unseen horrors (D:11)
  A spriggan druid (Swamp:4)
  The ghost of Scuka the Ruffian, a novice TrMo of Trog (D:6)
  8 deep elf archers
  A lindwurm (Lair:8)
  3 flayed ghosts
  12 deep trolls
  2 giant orange brains
  17 orc knights
  10 swamp dragons
  15 ironbrand convokers
  7 large abominations
  A shambling mangrove (Swamp:4)
  2 wizards
  7 harpies
  2 phantasmal warriors
  27 ugly things
  4 hill giants
  5 orc sorcerers
  55 deep elf magi
  43 wolf spiders
  26 orb spiders
  2 necromancers
  6 griffons
  4 worldbinders (Abyss:2)
  5 manticores
  13 hornets
  4 moths of wrath
  A sixfirhy (Abyss:2)
  15 vault sentinels
  5 cyclopes
  12 elephants
  A moth of wrath (shapeshifter) (Abyss:2)
  2 apocalypse crabs
  A guardian serpent (Lair:8)
  A toenail golem (Volcano)
  A black mamba (shapeshifter) (Vaults:3)
  7 black mambas
  A spiny frog (shapeshifter) (Vaults:1)
  A fire giant skeleton (Vaults:3)
  An octopode (shapeshifter) (Vaults:2)
  4 smoke demons (Abyss:2)
  3 orange demons (Elf:2)
  23 spiny frogs
  4 torpor snails
  2 guardian serpents (shapeshifter)
  2 molten gargoyles (Volcano)
  5 gargoyles
  4 rime drakes
  An efreet (Abyss:3)
  6 kobold demonologists
  A yaktaur (shapeshifter) (D:15)
  2 freezing wraiths
  16 demonic crawlers
  6 komodo dragons
  3 ancient zymes
  25 yaktaurs
  3 giant leeches (Swamp:3)
  A jumping spider (shapeshifter) (D:13)
  35 jumping spiders
  A wind drake (shapeshifter) (Vaults:1)
  Prince Ribbit (D:6)
  A queen bee (D:11)
  A two-headed ogre (shapeshifter) (Elf:1)
  3 bog bodies
  11 trolls
  A polar bear (Lair:7)
  32 two-headed ogres
  A hydra skeleton (Abyss:2)
  14 blink frogs
  5 boulder beetles
  27 slime creatures
  7 flying skulls (Abyss:2)
  5 air elementals
  7 raiju
  68 redbacks
  A wyvern (shapeshifter) (Abyss:3)
  4 spriggans
  2 ynoxinuls
  4 wraiths
  A vampire (D:15)
  A hill giant zombie (D:9)
  A water elemental (Elf:1)
  9 wyverns
  A neqoxec (Abyss:2)
  2 shadows
  A fire bat (Volcano)
  7 basilisks
  51 yaks
  34 tarantellas
  A golden eye (shapeshifter) (Elf:2)
  44 vampire mosquitoes
  Grum (Lair:1)
  2 steam dragons (Lair:8)
  9 hippogriffs
  4 mottled dragons
  A spatial vortex (Abyss:3)
  Edmund (D:4)
  4 hungry ghosts
  9 wargs
  24 swamp worms
  5 soldier ants
  4 small abominations
  21 water moccasins
  Duvessa (D:4)
  3 porcupines
  11 ice beasts
  39 orc warriors
  13 swamp drakes
  4 black bears
  3 phantoms
  4 sky beasts
  2 necrophages (D:10)
  14 wasps
  66 ogres
  A tengu (shapeshifter) (Vaults:4)
  15 wolves
  23 centaurs
  9 boggarts
  22 crocodiles
  An eye of draining (D:11)
  A human skeleton (Vaults:3)
  An elf skeleton (Vaults:3)
  6 big kobolds
  25 giant frogs
  3 earth elementals
  Dowan (D:4)
  A scorpion (shapeshifter) (Vaults:1)
  A wyvern skeleton (D:12)
  14 killer bees
  12 scorpions
  5 troll zombies (D:9)
  11 wights
  7 howler monkeys
  5 electric eels
  12 crimson imps
  5 giant frog zombies
  4 lava snakes (Volcano)
  3 quasits
  A wasp zombie (D:8)
  6 centaur zombies
  6 jellies
  2 centaur skeletons
  7 hounds
  27 orc wizards
  21 orc priests
  3 giant frog skeletons
  9 iguanas
  Terence (D:2)
  10 hell rats
  23 worker ants
  15 sheep
  A killer bee zombie (D:9)
  2 ogre zombies (D:9)
  A hound skeleton (D:5)
  A howler monkey skeleton (D:8)
  A killer bee simulacrum (D:8)
  26 adders
  2 worker ant zombies
  46 river rats
  2 shadow imps
  4 white imps (D:8)
  2 ufetubi
  3 oozes
  2 adder skeletons
  An adder zombie (D:5)
  2 worms
  A dart slug (D:2)
  6 giant geckos
  105 orcs
  5 giant cockroaches
  7 goblins
  5 hobgoblins
  15 jackals
  5 quokkas
  4 ball pythons
  5 bats
  11 giant newts
  2 goblin skeletons (D:9)
  2 goblin zombies (D:9)
  3 hobgoblin skeletons (D:9)
  2 hobgoblin zombies (D:9)
  A jackal skeleton (D:8)
  26 kobolds
  4 orc skeletons (D:9)
  12 orc zombies (D:9)
  A quokka skeleton (D:7)
  7 rats
  A bush (Lair:8)
  A crawling corpse (Elf:3)
  A plant (Lair:7)
1971 creatures vanquished.

Vanquished Creatures (collateral kills)
  the Lernaean hydra (Swamp:4)
  A vault guard (Vaults:2)
  A rakshasa (Vaults:1)
  An ironbrand convoker (Vaults:2)
  2 hornets (Swamp:4)
  2 wolf spiders (Spider:2)
  A cyclops (Vaults:2)
  A deep elf mage (Vaults:1)
  2 vault sentinels (Vaults:2)
  A yaktaur (Vaults:2)
  3 slime creatures (Vaults:2)
  A wraith (Vaults:1)
  2 vampire mosquitoes (Swamp:4)
  An orc warrior (Vaults:2)
  An ogre (Vaults:2)
  An orc (Vaults:2)
22 creatures vanquished.

Vanquished Creatures (others)
  A deep elf master archer (Elf:1)
  A deep elf sorcerer (Elf:1)
  An ironheart preserver (Vaults:3)
  A stone giant (Vaults:3)
  A death knight (Vaults:2)
  2 centaur warriors
  4 deep elf archers
  An orb spider (Spider:4)
  2 wolf spiders
  2 deep elf magi
  2 yaktaurs
  A demonic crawler (Spider:4)
  A jumping spider (Spider:4)
  2 redbacks (Spider:4)
  A tarantella (Spider:4)
  3 humans (Spider:4)
  A wasp (Spider:4)
  2 ogres
  An orc wizard (D:8)
  2 hell rats (Lair:6)
  A kobold (Vaults:1)
  A fire vortex (Volcano)
  43 fungi
  43 plants
120 creatures vanquished.

Grand Total: 2113 creatures vanquished

Notes
Turn   | Place    | Note
--------------------------------------------------------------
     0 | D:1      | theElss the Gargoyle Berserker began the quest for the Orb.
     0 | D:1      | Reached XP level 1. HP: 14/14 MP: 1/1
   161 | D:1      | Reached XP level 2. HP: 10/19 MP: 2/2
   774 | D:2      | Reached ** piety under Trog
   827 | D:2      | Reached XP level 3. HP: 21/24 MP: 3/3
  1052 | D:2      | Found a bloodstained altar of Trog.
  1059 | D:2      | Reached skill level 4 in Fighting
  1080 | D:2      | Reached XP level 4. HP: 24/29 MP: 4/4
  1186 | D:2      | Noticed Terence
  1198 | D:2      | Killed Terence
  1470 | D:3      | Reached XP level 5. HP: 33/34 MP: 5/5
  1821 | D:3      | Reached *** piety under Trog
  2062 | D:3      | Reached XP level 6. HP: 40/40 MP: 6/6
  2414 | D:4      | Noticed Duvessa
  2415 | D:4      | Noticed Dowan
  2735 | D:3      | Reached skill level 5 in Fighting
  2768 | D:4      | Killed Duvessa
  2768 | D:4      | Reached skill level 5 in Maces & Flails
  2768 | D:4      | Reached XP level 7. HP: 44/44 MP: 7/7
  2772 | D:4      | Killed Dowan
  2772 | D:4      | Reached skill level 1 in Stealth
  3256 | D:4      | Noticed Edmund
  3264 | D:4      | Killed Edmund
  3394 | D:4      | Found an oddly glowing altar of Pakellas.
  3506 | D:4      | Reached **** piety under Trog
  3584 | D:4      | Reached skill level 6 in Fighting
  3584 | D:4      | Reached XP level 8. HP: 51/51 MP: 8/8
  3613 | D:5      | Entered Level 5 of the Dungeon
  3649 | D:5      | Reached skill level 5 in Armour
  3689 | D:5      | Found a glowing golden altar of the Shining One.
  4627 | D:6      | Found a deep blue altar of Sif Muna.
  4651 | D:6      | Noticed Prince Ribbit
  4687 | D:6      | Killed Prince Ribbit
  4687 | D:6      | Reached XP level 9. HP: 53/56 MP: 9/9
  4774 | D:6      | Found a radiant altar of Vehumet.
  4784 | D:6      | Found a bloodstained altar of Trog.
  4821 | D:6      | Reached skill level 7 in Fighting
  4984 | D:6      | Noticed Scuka's ghost (novice TrMo)
  5014 | D:6      | Killed Scuka's ghost
  5270 | D:6      | Found an iron altar of Okawaru.
  5332 | D:7      | Found a staircase to the Ecumenical Temple.
  5452 | D:7      | Reached skill level 8 in Fighting
  5582 | D:7      | Paralysed by a centaur for 4 turns
  5627 | D:7      | Reached XP level 10. HP: 28/65 MP: 10/10
  5883 | D:7      | Reached ***** piety under Trog
  6070 | D:7      | Found a white marble altar of Elyvilon.
  6075 | D:7      | Found a basalt altar of Yredelemnul.
  6076 | D:7      | Found a shadowy altar of Dithmenos.
  6081 | D:7      | Found an ancient bone altar of Kikubaaqudgha.
  6155 | D:7      | Found a sacrificial altar of Ru.
  6236 | D:7      | Found a snail-covered altar of Cheibriados.
  6384 | D:8      | Found Pyziegha's Armour Shoppe.
  7145 | D:9      | Noticed an angel
  7146 | D:9      | Found a glowing silver altar of Zin.
  7149 | D:9      | Found a shimmering altar of Xom.
  7180 | D:9      | Reached skill level 9 in Fighting
  7223 | D:8      | Reached skill level 5 in Dodging
  7321 | D:9      | Reached skill level 10 in Maces & Flails
  7327 | D:9      | Found a stormy altar of Qazlal.
  7331 | D:9      | Found a blossoming altar of Fedhas.
  7388 | D:9      | Found a staircase to the Orcish Mines.
  8016 | D:9      | Got a fine mace
  8017 | D:9      | Identified the +2 mace of Imbalance {venom, Stlth+} (You found it on level 9 of the Dungeon)
  8082 | D:10     | Entered Level 10 of the Dungeon
  8110 | D:10     | Reached XP level 11. HP: 68/72 MP: 11/11
  8190 | D:10     | Noticed a hill giant
  8191 | D:10     | Noticed Harold
  8211 | D:10     | Killed a hill giant
  8211 | D:10     | Reached skill level 10 in Fighting
  8480 | D:10     | Noticed Gastronok
  8517 | D:10     | Noticed a hill giant
  8531 | D:10     | Killed a hill giant
  8786 | D:10     | Killed Gastronok
  8798 | D:10     | Received a gift from Trog
  8800 | D:10     | Killed Harold
  9131 | D:10     | Found a staircase to the Lair.
  9584 | D:11     | Reached XP level 12. HP: 61/79 MP: 12/12
  9621 | D:11     | Reached skill level 11 in Fighting
 10068 | D:11     | Reached skill level 10 in Armour
 10443 | D:11     | Got a crystal dagger {flame}
 10445 | D:11     | Identified the +7 dagger "Ojuph" {flame, rPois Int+2 Dex+3 SInv} (You took it off a kobold on level 11 of the Dungeon)
 10663 | D:11     | Received a gift from Trog
 10910 | Lair:1   | Entered Level 1 of the Lair of Beasts
 11021 | Lair:1   | Noticed Grum
 11028 | Lair:1   | Reached skill level 12 in Fighting
 11086 | Lair:1   | Killed Grum
 11447 | Lair:1   | Reached XP level 13. HP: 84/87 MP: 13/13
 12358 | Lair:2   | Got a slimy long sword
 12359 | Lair:2   | Identified the +10 long sword of the Mind {slice, *Noise rElec Dex+6 Stlth+} (You found it on level 2 of the Lair of Beasts)
 13141 | Lair:3   | Found a hole to the Spider Nest.
 13170 | Lair:3   | Got a brightly glowing scale mail
 13431 | Lair:3   | Identified the +4 scale mail of Freedom {Int+3} (You found it on level 3 of the Lair of Beasts)
 13576 | Lair:4   | Reached ****** piety under Trog
 13764 | Lair:4   | Noticed Sonja
 13942 | Lair:4   | Received a gift from Trog
 14498 | Lair:5   | Reached skill level 13 in Fighting
 15867 | Lair:6   | Received a gift from Trog
 15868 | Lair:6   | Found a staircase to the Swamp.
 16160 | Lair:7   | Reached skill level 15 in Maces & Flails
 16257 | Lair:7   | Gained mutation: Your large and strong wings let you fly indefinitely. [Gargoyle growth]
 16257 | Lair:7   | Reached XP level 14. HP: 88/94 MP: 14/14
 16967 | Lair:7   | Noticed Rupert
 17065 | Lair:7   | Killed Rupert
 17610 | Lair:8   | Entered Level 8 of the Lair of Beasts
 17932 | Lair:8   | Reached skill level 14 in Fighting
 19435 | Lair:8   | Reached skill level 1 in Shields
 19553 | Lair:8   | Reached XP level 15. HP: 78/101 MP: 15/15
 20027 | Lair:8   | Reached skill level 5 in Shields
 20471 | Orc:1    | Entered Level 1 of the Orcish Mines
 20564 | Orc:1    | Noticed Thomus's ghost (journeyman HOFi)
 20639 | Orc:1    | Found a dark tunnel.
 20659 | Volcano  | Entered a volcano
 20970 | Volcano  | Found a radiant altar of Vehumet.
 21689 | Orc:1    | Killed Thomus's ghost
 21894 | Orc:1    | Received a gift from Trog
 22613 | Orc:2    | Entered Level 2 of the Orcish Mines
 22647 | Orc:2    | Found Taecedgh's Jewellery Boutique.
 22938 | Orc:2    | Found a staircase to the Elven Halls.
 23121 | Orc:2    | Noticed an orc warlord
 23152 | Orc:1    | Killed an orc warlord
 23409 | Orc:2    | Found Uvvoawk's Magic Scroll Boutique.
 23409 | Orc:2    | Found Amasuaqogra's Weapon Emporium.
 23410 | Orc:2    | Found Wuenteop's Distillery.
 23410 | Orc:2    | Found Komeh's Armour Shop.
 23432 | Orc:2    | Reached skill level 10 in Shields
 23740 | Orc:1    | Received a gift from Trog
 23743 | Orc:1    | Got a shimmering flail {god gift}
 23744 | Orc:1    | Identified the +7 flail of Atheism {venom, rF- Int+4 SInv} (Trog gifted it to you on level 1 of the Orcish Mines)
 23929 | Orc:2    | Bought a scroll of silence for 90 gold pieces
 24059 | Orc:2    | Found a roughly hewn altar of Beogh.
 24302 | Orc:2    | Bought a scroll of identify for 24 gold pieces
 24302 | Orc:2    | Bought a scroll of identify for 24 gold pieces
 24302 | Orc:2    | Bought a scroll of identify for 24 gold pieces
 24302 | Orc:2    | Bought a scroll of identify for 24 gold pieces
 24302 | Orc:2    | Bought a scroll of identify for 24 gold pieces
 25378 | D:13     | Found a gate to the Vaults.
 25518 | D:13     | Reached XP level 16. HP: 90/107 MP: 16/16
 26239 | D:14     | Received a gift from Trog
 26342 | D:14     | Found an iron altar of Okawaru.
 26506 | D:15     | Entered Level 15 of the Dungeon
 26793 | D:15     | Found a staircase to the Depths.
 28044 | Swamp:1  | Entered Level 1 of the Swamp
 28126 | Swamp:1  | Reached skill level 15 in Shields
 28185 | Swamp:1  | Reached skill level 1 in Evocations
 28845 | Swamp:2  | Received a gift from Trog
 28982 | Swamp:2  | Noticed Vatticson's ghost (journeyman MiBe)
 28988 | Swamp:2  | Reached skill level 5 in Evocations
 29016 | Swamp:2  | Killed Vatticson's ghost
 29761 | Swamp:3  | Reached XP level 17. HP: 96/112 MP: 21/21
 30117 | Swamp:4  | Entered Level 4 of the Swamp
 30554 | Swamp:4  | Received a gift from Trog
 31130 | Swamp:4  | Noticed the 27-headed Lernaean hydra
 31151 | Swamp:4  | HP: 3/112 [the 27-headed Lernaean hydra (6)]
 31156 | Swamp:4  | Killed the 27-headed Lernaean hydra
 31947 | Swamp:4  | Reached skill level 10 in Evocations
 32078 | Swamp:4  | Got a decaying rune of Zot
 32504 | Spider:1 | Entered Level 1 of the Spider Nest
 32520 | Spider:1 | Noticed Donald
 32537 | Spider:1 | Killed Donald
 33101 | Spider:1 | Received a gift from Trog
 33887 | Spider:2 | Noticed Aizul
 33919 | Spider:2 | Killed Aizul
 35088 | Spider:3 | Reached skill level 15 in Fighting
 35125 | Spider:2 | Reached XP level 18. HP: 96/119 MP: 25/25
 35787 | Spider:3 | Received a gift from Trog
 35926 | Spider:3 | Reached skill level 10 in Dodging
 36200 | Spider:3 | Noticed Mara
 36243 | Spider:3 | Noticed theElss's illusion
 36247 | Spider:3 | HP: 2/119 [Mara (illusionary)/bolt of fire (21)]
 36276 | Spider:2 | HP: 4/119 [wolf spider (6)]
 36693 | Spider:3 | Killed Mara
 37423 | Spider:4 | Entered Level 4 of the Spider Nest
 37477 | Spider:4 | Noticed Norris
 37477 | Spider:4 | Noticed Arachne
 37508 | Spider:3 | Killed Norris
 37689 | Spider:4 | Noticed Kirke
 37698 | Spider:4 | Killed Kirke
 38021 | Spider:4 | Received a gift from Trog
 38078 | Spider:4 | Killed Arachne
 38078 | Spider:4 | Reached skill level 16 in Fighting
 38508 | Spider:4 | Reached XP level 19. HP: 94/125 MP: 9/26
 39468 | Spider:4 | Received a gift from Trog
 39778 | Spider:4 | Got a gossamer rune of Zot
 40425 | Vaults:1 | Entered Level 1 of the Vaults
 40877 | Vaults:1 | Got a faintly glowing tin ring
 40879 | Vaults:1 | Identified the ring "Bulaw" {Int+3 Stlth-} (You found it on level 1 of the Vaults)
 40927 | Vaults:1 | Reached skill level 17 in Fighting
 41060 | Vaults:1 | Reached skill level 15 in Armour
 41710 | Vaults:1 | Received a gift from Trog
 42231 | Vaults:1 | Cast into level 3 of the Abyss (a deep elf sorcerer)
 42486 | Abyss:3  | Found a sparkling altar of Nemelex Xobeh.
 42488 | Abyss:3  | Paralysed by you for 2 turns
 42517 | Abyss:3  | Gained mutation: Your spells are a little easier to cast, but a little less powerful. [mutagenic glow]
 42557 | Vaults:1 | Escaped the Abyss
 42759 | Vaults:1 | Reached skill level 18 in Fighting
 42795 | Vaults:1 | Reached XP level 20. HP: 136/136 MP: 27/27
 42796 | Vaults:1 | Noticed a Brimstone Fiend
 42843 | Vaults:1 | Gained mutation: You are frail (-10% HP). [a neqoxec]
 43368 | Vaults:1 | Received a gift from Trog
 44374 | Vaults:2 | Received a gift from Trog
 44383 | Vaults:2 | Got an encrusted morningstar {god gift}
 44385 | Vaults:2 | Identified the +7 morningstar "Wetacav" {antimagic, rPois rN+ Int+2} (Trog gifted it to you on level 2 of the Vaults)
 45641 | Vaults:2 | Reached skill level 19 in Fighting
 46243 | Vaults:2 | Found a staircase to the Crypt.
 46243 | Vaults:2 | Found a basalt altar of Yredelemnul.
 46244 | Vaults:2 | Found an ancient bone altar of Kikubaaqudgha.
 46519 | Vaults:2 | Received a gift from Trog
 47233 | Vaults:3 | Found Efepp's Antique Armour Emporium.
 47241 | Vaults:3 | Bought an encrusted chain mail for 361 gold pieces
 47251 | Vaults:3 | Identified the +7 chain mail of Salvation {rC+ Int+2} (You bought it in a shop on level 3 of the Vaults)
 47308 | Vaults:3 | Cast into level 2 of the Abyss (a wizard)
 47498 | Abyss:2  | Paralysed by you for 4 turns
 47735 | Abyss:2  | Received a gift from Trog
 47814 | Abyss:2  | HP: 3/147 [daeva/divine providence (13)]
 47823 | Abyss:2  | Reached XP level 21. HP: 7/101 MP: 28/28
 47857 | Vaults:3 | Escaped the Abyss
 48159 | Vaults:3 | Reached skill level 20 in Fighting
 48647 | Vaults:3 | Found Jalod's Book Shop.
 48731 | Vaults:3 | Found Kitwoipy's Weapon Emporium.
 49158 | Vaults:3 | Received a gift from Trog
 49242 | Vaults:3 | Found Haromov's Book Boutique.
 49242 | Vaults:3 | Found Piorenex's Assorted Antiques.
 50270 | Vaults:4 | Found Raonalem's Jewellery Emporium.
 50439 | Vaults:4 | Got a warped morningstar
 50440 | Vaults:4 | Identified the +5 morningstar of Overwhelming Force {freeze, rC+} (You found it on level 4 of the Vaults)
 51927 | Vaults:3 | Received a gift from Trog
 51973 | Vaults:3 | Reached skill level 21 in Fighting
 52847 | Vaults:4 | Reached XP level 22. HP: 129/139 MP: 9/29
 53440 | Elf:1    | Entered Level 1 of the Elven Halls
 53470 | Elf:1    | Found Zaliunio's Jewellery Shoppe.
 53514 | Elf:1    | Found a huge runed gate.
 53514 | Elf:1    | Found a huge runed gate.
 53514 | Elf:1    | Found a huge runed gate.
 53514 | Elf:1    | Found a huge runed gate.
 53514 | Elf:1    | Found a huge runed gate.
 53514 | Elf:1    | Found a huge runed gate.
 53515 | Elf:1    | Found a huge runed gate.
 53515 | Elf:1    | Found a huge runed gate.
 53516 | Elf:1    | Found a huge runed gate.
 53516 | Elf:1    | Found a huge runed gate.
 53520 | Elf:1    | Found a huge runed gate.
 53523 | Elf:1    | Found a huge runed gate.
 53524 | Elf:1    | Found a huge runed gate.
 53524 | Elf:1    | Found a huge runed gate.
 53532 | Elf:1    | Found a huge runed gate.
 53532 | Elf:1    | Found a huge runed gate.
 53532 | Elf:1    | Found a huge runed gate.
 53543 | Elf:1    | Found a huge runed gate.
 53656 | Elf:1    | Received a gift from Trog
 54822 | Elf:1    | Reached skill level 22 in Fighting
 54982 | Elf:2    | Noticed Roxanne
 54999 | Elf:2    | Killed Roxanne
 55001 | Elf:2    | Identified Roxanne's Disquisition on the Rocks (You took it off Roxanne on level 2 of the Elven Halls)
 55279 | Elf:2    | Found a runed gate.
 55279 | Elf:2    | Found a runed gate.
 55279 | Elf:2    | Found a runed gate.
 55608 | Elf:2    | Noticed Asterion
 55626 | Elf:2    | Killed Asterion
 55753 | Elf:2    | Received a gift from Trog
 56395 | Elf:3    | Entered Level 3 of the Elven Halls
 56474 | Elf:3    | Noticed Wiglaf
 56489 | Elf:3    | Killed Wiglaf
 56936 | Elf:3    | Slain by a reaper

Skill      XL: |  1  2  3  4  5  6  7  8  9 10 11 12 13 14 15 16 17 18 19 20 21 22 |
---------------+-------------------------------------------------------------------+-----
Dodging        | 2 3 4 5 6 7 8 9 11 12 13 14 | 14.9
Fighting       | 4 5 6 8 9 10 12 13 14 15 16 18 19 21 22 | 22.7
Maces & Flails | 4 5 7 9 10 12 13 15 16 | 16.3
Armour         | 3 4 6 7 8 9 10 11 12 13 14 15 16 17 | 17.7
Stealth        | 1 |  1.0
Shields        | 2 12 15 | 15.0
Evocations     | 6 10 | 10.0

Action                   |  1- 3 |  4- 6 |  7- 9 | 10-12 | 13-15 | 16-18 | 19-21 | 22-24 || total
-------------------------+-------+-------+-------+-------+-------+-------+-------+-------++-------
Melee: Mace              |   105 |   243 |    90 |    21 |       |       |       |       ||   459
       Flail             |       |       |   273 |   977 |  2203 |  2195 |  2199 |     5 ||  7852
       Dagger            |       |       |       |     5 |       |       |       |       ||     5
       Dire flail        |       |       |       |     4 |       |       |       |       ||     4
       Morningstar       |       |       |       |       |       |       |   363 |   709 ||  1072
Invok: Berserk           |     1 |     3 |     3 |     3 |    11 |    10 |     8 |     1 ||    40
       Trog's Hand       |       |       |       |       |     4 |     2 |     8 |     2 ||    16
       Brothers in Arms  |       |       |       |       |       |     3 |     3 |     1 ||     7
 Abil: Fly               |       |       |       |       |     1 |     1 |       |       ||     2
Evoke: Wand              |       |       |       |     1 |       |       |     1 |       ||     2
  Use: Scroll            |       |       |       |    14 |    15 |     8 |     6 |       ||    43
       Potion            |       |       |       |       |       |     1 |     2 |     2 ||     5
  Eat: Chunk             |     2 |     7 |    23 |    31 |    61 |    56 |    63 |    13 ||   256
       Fruit             |       |     1 |       |     2 |       |       |       |       ||     3
       Meat ration       |       |       |       |     2 |       |       |       |       ||     2
       Beef jerky        |       |       |       |     2 |       |       |       |       ||     2
Armor: Animal skin       |    10 |       |       |       |       |       |       |       ||    10
       Chain mail        |    43 |   200 |   245 |   684 |  1289 |  1751 |  1140 |   429 ||  5781
Dodge: Dodged            |    60 |   115 |   148 |   510 |   998 |  1154 |   868 |   305 ||  4158
Block: Shield            |       |       |       |       |   530 |  1842 |  1660 |   527 ||  4559
       Reflection        |       |       |       |       |       |     4 |   107 |    31 ||   142
